 Dungeon Crawl Stone Soup version 0.19.0-1-g5985abe (webtiles) character file.

75 lorenzova the Conjurer (level 4, -1/24 HPs)
             Began as a Deep Elf Conjurer on Nov 2, 2016.
             Slain by an adder (4 damage)
             ... on level 2 of the Dungeon.
             The game lasted 00:02:59 (2058 turns).

lorenzova the Conjurer (Deep Elf Conjurer)          Turns: 2058, Time: 00:03:00

Health: -1/24      AC:  3    Str:  8    XL:     4   Next: 11%
Magic:  0/12       EV: 13    Int: 21    God:
Gold:   60         SH:  0    Dex: 19    Spells: 1 memorised, 11 levels left

rFire  . . .     SeeInvis .     m - +0 short sword
rCold  . . .     Gourm    .     a - +0 robe
rNeg   . . .     Faith    .     (no shield)
rPois  .         Spirit   .     (no helmet)
rElec  .         Reflect  .     (no cloak)
rCorr  .         Harm     .     g - +0 pair of gloves
MR     .....                    (no boots)
Stlth  ++........               (no amulet)
                                s - +4 ring of dexterity
                                o - +3 ring of strength

@: lethally poisoned (-1 -> -4), very slightly contaminated
A: no striking features
a: no special abilities


You were on level 2 of the Dungeon.
You were not hungry.

You visited 1 branch of the dungeon, and saw 3 of its levels.

You collected 60 gold pieces.

Inventory:

Hand Weapons
 m - a +0 short sword (weapon)
Armour
 a - a +0 robe (worn)
 g - a +0 pair of gloves (worn)
Jewellery
 o - a +3 ring of strength (left hand)
 r - an uncursed ring of resist corrosion
 s - a +4 ring of dexterity (right hand)
Scrolls
 e - 3 scrolls of noise {unknown}
 h - a scroll of immolation {unknown}
 i - a scroll of enchant weapon {unknown}
 l - a scroll of identify {unknown}
 n - 4 scrolls of recharging {unknown}
 p - a scroll of enchant armour {unknown}
Potions
 d - a potion of haste {unknown}
 f - a potion of curing {unknown}
 j - a potion of degeneration {unknown}
 q - a potion of lignification {unknown}
Books
 b - a book of Conjurations

   Spells                             Type                      Level
   a - Magic Dart                     Conjuration                  1
   b - Searing Ray                    Conjuration                  2
   c - Dazzling Spray                 Conjuration/Hexes            3
   d - Fulminant Prism                Conjuration/Hexes            4
   e - Iskenderun's Mystic Blast      Conjuration                  4
   f - Iskenderun's Battlesphere      Conjuration/Charms           5
Comestibles
 c - 2 bread rations
 k - 2 meat rations


   Skills:
 - Level 2.4 Dodging
 - Level 2.4 Stealth
 + Level 4.7 Spellcasting
 + Level 5.4 Conjurations


You had 11 spell levels left.
You knew the following spells:

 Your Spells              Type           Power        Failure   Level  Hunger
a - Magic Dart            Conj           ####         1%          1    None


Dungeon Overview and Level Annotations

Branches:
Dungeon (3/15)

Altars:

Portals:
Sewer: D:3


Message History

You closely miss the adder.
The adder is moderately wounded.
You feel sick. The adder misses you.
You closely miss the adder.
The adder is moderately wounded.
The adder misses you. The adder bites you but does no damage.
Casting: Magic Dart
Confirm with . or Enter, or press ? or * to list all spells.
Aiming: Magic Dart
Press: ? - help, Shift-Dir - straight line, f/p - adder
Aim: an adder (moderately wounded)
The magic dart hits the adder.
The adder is moderately wounded.
The adder barely misses you.
You barely miss the adder.
The adder is moderately wounded.
The adder bites you.
* * * LOW HITPOINT WARNING * * *
The adder bites you.
You die...

#.# #.#^<#. #.# #.#..#.
#########.# ######### #.#..#.
#.......#.###.......# #.#..#.
#...................# #.#..#.
#.......†...........# #.####.
#...................# #......
#.......#'###..S....##########.
###...........@................
#.........#.....[............
#.........#.......##########.
#...#######.......# #. #...#
#.......# #. #...# ####'#### #.
#...# #....# #. #####
#.##.##########.
####.##............


You could see an adder.

Vanquished Creatures
  3 adders (D:2)
  A worm (D:2)
  A dart slug (D:1)
  4 leopard geckos
  3 bats
  A giant cockroach (D:3)
  2 goblins
  6 hobgoblins
  6 kobolds
  5 frilled lizards
  9 rats
41 creatures vanquished.

Notes
Turn   | Place    | Note
-------+----------+-------------------------------------------
     0 | D:1      | lorenzova the Deep Elf Conjurer began the quest for the Orb.
     0 | D:1      | Reached XP level 1. HP: 10/10 MP: 6/6
   138 | D:1      | Reached XP level 2. HP: 15/15 MP: 4/8
  1190 | D:2      | Reached skill level 5 in Conjurations
  1190 | D:2      | Reached XP level 3. HP: 19/19 MP: 7/10
  2029 | D:3      | Found a glowing drain.
  2053 | D:2      | Reached XP level 4. HP: 7/24 MP: 1/12
  2058 | D:2      | Slain by an adder

Skill      XL: |  1  2 |
---------------+-------+-----
Spellcasting   | 4 |  4.7
Conjurations   | 5 |  5.4
Dodging        | |  2.4
Stealth        | |  2.4

Action                   |  1- 3 |  4- 6 || total
-------------------------+-------+-------++-------
Melee: Short sword       |     1 |     3 ||     4
 Cast: Magic Dart        |    79 |     3 ||    82
 Stab: Sleeping          |     1 |       ||     1
  Eat: Chunk             |     3 |       ||     3
Armor: Robe              |     4 |     2 ||     6
Dodge: Dodged            |    15 |     5 ||    20
